 Zot Defence DCSS version 0.15.2 (webtiles) character file.

298 yevrey the Insei (level 6, -1/15 (50) HPs)
             Began as a Draconian Transmuter on Feb 5, 2019.
             Killed from afar by Itwihux the hell hound (9 damage)
             ... with a blast of flame
             ... in the Realm of Zot (Scenario I: Hall of Zot).
             The game lasted 00:09:27 (741 turns).

yevrey the Insei (Draconian Transmuter)              Turns: 741, Time: 00:09:27

HP  -1/15 (50)   AC  2     Str 12      XL: 6   Next: 13%
MP   0/12        EV 20     Int 15      God:
Gold 0           SH  0     Dex 17      Spells:  2 memorised,  7 levels left

rFire  . . .     SeeInvis .       - Unarmed
rCold  . . .     Clarity  .     (armour unavailable)
rNeg   . . .     rCorr    .     (shield currently unavailable)
rPois  x         rRot     .     (helmet currently unavailable)
rElec  .         Spirit   .     (cloak currently unavailable)
SustAb .         Warding  .     (gloves currently unavailable)
rMut   .         Stasis   .     (boots currently unavailable)
Gourm  .                        (no amulet)
MR     .....                    (no ring)
                                (no ring)

@: spider-form, very slightly contaminated, not resistant to hostile
enchantments, unstealthy
A: unfitting armour, (cold-blooded), AC +6
a: Make oklob sapling, Make arrow trap, Make plant, Remove Curse, Make burning
bush, Make altar, Make grenades, End Transformation


You were in the Realm of Zot.
You were not hungry.
You were in spider-form.
You visited 1 branch

Inventory:

Missiles
 b - 12 arrows
Magical devices
 n - a wand of enslavement (15) {unknown}
Comestibles
 f - a bread ration
 k - a rotting chunk of ball python flesh
Scrolls
 j - a scroll of blinking
Potions
 a - 3 potions of curing
 e - a potion of heal wounds
 g - a potion of haste
 h - 2 potions of magic
 i - a potion of berserk rage
Books
 d - a book of Changes

   Spells                             Type                      Level
   *Beastly Appendage                 Transmutation                1
   Sticks to Snakes                   Transmutation                2
   *Spider Form                       Transmutation/Poison         3
   Ice Form                           Ice/Transmutation            4
   Blade Hands                        Transmutation                5


   Skills:
 + Level 2.8 Fighting
 + Level 2.3 Dodging
 + Level 5.0 Unarmed Combat
 + Level 3.0 Spellcasting
 + Level 3.1 Transmutations


You had 7 spell levels left.
You knew the following spells:

 Your Spells              Type           Power        Failure   Level  Hunger
a - Beastly Appendage     Trmt           ##....       21%         1    #......
b - Spider Form           Trmt/Pois      #.........   56%         3    ###....


Dungeon Overview and Level Annotations

Branches:
    Zot (1/1)

Altars:


Innate Abilities, Weirdness & Mutations

((Your plain brown scales are hard (AC +6).))
Your body does not fit into most forms of armour.
((Your cold-blooded metabolism reacts poorly to cold.))


Message History

You miscast Spider Form.
Your skin glows momentarily.
Your flesh rots away as the Orb of Zot is desecrated.
Itwihux bites your plant.
Your flesh rots away as the Orb of Zot is desecrated. x2
Casting: Spider Form
Confirm with . or Enter, or press ? or * to list all spells.
You miscast Spider Form.
Strange energies run through your body.
Itwihux pauses to sniff the ground.
Itwihux completely misses your plant.
Your flesh rots away as the Orb of Zot is desecrated.
Itwihux bites your plant but does no damage.
Your flesh rots away as the Orb of Zot is desecrated. x2
Casting: Spider Form
Confirm with . or Enter, or press ? or * to list all spells.
You turn into a venomous arachnid creature.
Your flesh rots away as the Orb of Zot is desecrated. x3
Itwihux breathes flames at the warg.
The blast of flame hits your plant. The blast of flame hits you!
Ouch! That really hurt!
You die...

####### ########### ..####
####...... .....### ###.........
.......## ##........... ........#
▓▓▓▓▓▓▓▓▓ #............
........▓▓▓.......▓▓▓............
........▓▓.........▓▓............
........▓.....hh....▓............
........P....hhhs...Ph...........
........▓....hh.....▓............
........▓▓.........▓▓............
........▓▓▓.......▓▓▓............
........▓ ▓▓▓▓▓▓▓▓▓ ▓............
.......▓▓ ▓▓........... .....▓▓▓
▓▓▓......... ..▓▓▓▓ ▓▓▓▓......
▓▓▓▓▓▓ ▓▓▓▓▓▓▓▓▓▓


You could see 2 wargs, Itwihux the hell hound and 5 jackals.

Vanquished Creatures
  A crimson imp (Zot)
  An iguana (Zot)
  Jessica (Zot)
  2 green rats (Zot)
  A giant gecko (Zot)
  8 oozes (Zot)
  2 orcs (Zot)
  5 ball pythons (Zot)
  A giant cockroach (Zot)
  5 hobgoblins (Zot)
  A quokka (Zot)
  4 bats (Zot)
  A giant newt (Zot)
  4 goblins (Zot)
  2 jackals (Zot)
  7 kobolds (Zot)
  4 rats (Zot)
50 creatures vanquished.

Vanquished Creatures (collateral kills)
  A gnoll (Zot)
  A jackal (Zot)
  A bat (Zot)
3 creatures vanquished.

Vanquished Creatures (others)
  An oklob sapling (Zot)
  2 plants (Zot)
3 creatures vanquished.

Grand Total: 56 creatures vanquished

Notes
Turn   | Place    | Note
--------------------------------------------------------------
     0 | Zot      | yevrey, the Draconian Transmuter, began the quest for the Orb.
     0 | Zot      | Reached XP level 1. HP: 16/16 MP: 3/3
   194 | Zot      | Reached XP level 2. HP: 23/23 MP: 4/4
   247 | Zot      | Reached XP level 3. HP: 28/28 MP: 6/6
   280 | Zot      | Reached skill level 4 in Unarmed Combat
   476 | Zot      | Reached XP level 4. HP: 24/36 MP: 5/8
   494 | Zot      | Reached XP level 5. HP: 29/42 MP: 6/9
   509 | Zot      | Noticed Jessica
   551 | Zot      | Learned a level 3 spell: Spider Form
   557 | Zot      | Killed Jessica
   608 | Zot      | Reached XP level 6. HP: 34/50 MP: 6/11
   614 | Zot      | Reached skill level 5 in Unarmed Combat
   670 | Zot      | Noticed a warg
   722 | Zot      | Noticed a warg
   733 | Zot      | Noticed Itwihux
   741 | Zot      | Killed from afar by Itwihux the hell hound

Action                   |  1- 3 |  4- 6 || total
-------------------------+-------+-------++-------
Melee: Unarmed           |   109 |    84 ||   193
 Cast: Beastly Appendage |    10 |     2 ||    12
       Spider Form       |       |     4 ||     4
 Abil: Make oklob saplin |     2 |       ||     2
       Make plant        |       |    31 ||    31
